 Dungeon Crawl Stone Soup version 0.29.1-2-gbd0b4ee654 (webtiles) character file.

Game seed: 13079105820864675740

57 Doomgape the Cudgeller (level 4, -8/28 HPs)
             Began as a Gargoyle Fighter on Oct 23, 2022.
             Mangled by a gnoll
             ... wielding a +0 halberd
              (9 damage)
             ... on level 3 of the Dungeon.
             The game lasted 00:02:23 (1610 turns).

Doomgape the Cudgeller (Gargoyle Fighter)           Turns: 1610, Time: 00:02:23

Health: -8/28      AC: 12    Str: 21    XL:     4   Next: 0%
Magic:  4/4        EV:  4    Int:  9    God:
Gold:   95         SH:  0    Dex:  9    Spells: 3/3 levels left

rFire   . . .      SeeInvis .   a - +1 flail
rCold   . . .      Faith    .   c - +0 buckler
rNeg    + . .      Spirit   .   l - +0 chain mail
rPois   ∞          Reflect  .   (no helmet)
rElec   +          Harm     .   (no cloak)
rCorr   +          Rampage  .   (no gloves)
Will    .....                   (no boots)
Stlth   ..........              (no amulet)
HPRegen 0.09/turn               f - ring of resist corrosion
MPRegen 0.09/turn               (no ring)

@: mighty, held, hasted, very quick
A: sickness immunity, AC +3, negative energy resistance 1, electricity
resistance, torment resistance 1, petrification resistance
a: no special abilities


You were on level 3 of the Dungeon.
You visited 1 branch of the dungeon, and saw 3 of its levels.

You collected 95 gold pieces.

Inventory:

Hand Weapons
 a - a +1 flail (weapon)
 o - a +4 flail
Armour
 c - a +0 buckler (worn)
 l - a +0 chain mail (worn)
 n - a +0 hat
Jewellery
 e - a +6 ring of dexterity
 f - a ring of resist corrosion (left hand)
Scrolls
 g - a scroll of identify
 i - a scroll of enchant weapon
 j - a scroll of fear
 m - a scroll of fog {unknown}
Potions
 b - a potion of attraction {unknown}
 d - a potion of might
 k - 2 potions of curing {unknown}


   Skills:
 - Level 3.2 Fighting
 + Level 4.1 Maces & Flails
 - Level 3.2 Armour
 - Level 3.2 Shields


You had 3 spell levels left.
You didn't know any spells.
Your spell library contained the following spells:

 Spells                   Type           Power      Damage    Failure   Level
 Magic Dart               Conj           0%         1d3       99%         1
 Call Imp                 Summ           0%         N/A       100%        2
 Ensorcelled Hibernation  Hex/Ice        0%         N/A       100%        2
 Mephitic Cloud           Conj/Pois/Air  0%         N/A       100%        3
 Spider Form              Tmut/Pois      0%         N/A       100%        3
 Anguish                  Hex/Necr       0%         N/A       100%        4


Dungeon Overview and Level Annotations

Branches:
Dungeon (3/15)

Altars:


Innate Abilities, Weirdness & Mutations

You are immune to sickness and miasma.
Your stone body is resilient. (AC +3)
You are immune to poison.
You resist negative energy. (rN+)
You are resistant to electric shocks. (rElec)
You are resistant to unholy torment.
You are immune to petrification.


Message History

A gnoll comes into view. It is wielding a +4 flail.
You see here a +0 hat.
You open the door.
You see here a +0 hat.
n - a +0 hat A gnoll comes into view. It is wielding a +0 flail.
There is an open door here.
You feel very mighty all of a sudden. The gnoll hits you with a +4 flail!
Ouch! That really hurt!
You barely miss the gnoll. The gnoll barely misses you.
You sock the gnoll!
The gnoll is almost dead.
The gnoll hits you with a +4 flail.
* * * LOW HITPOINT WARNING * * *
You sock the gnoll!
You kill the gnoll!
Your Maces & Flails skill increases to level 4!
You have reached level 4!
You feel clever. 2 gnolls come into view.
The gnoll shouts! x3
There is an open door here.
Things that are here:
a +4 flail; a gnoll corpse
o - a +4 flail The gnoll hits you but does no damage.
The gnoll attacks as you move away! You block the gnoll's attack.
You feel yourself speed up. The gnoll hits you with a +0 flail.
* * * LOW HITPOINT WARNING * * *
The gnoll throws a throwing net.
The throwing net hits you.
You become entangled in the net!
You see here a throwing net.
You tear a large gash into the net.
You struggle against the net.
The gnoll hits you from afar with a +0 halberd.
* * * LOW HITPOINT WARNING * * *
You struggle against the net.
The gnoll hits you from afar with a +0 halberd!
You die...

....................^..
.......................
.....................>.
.....##†#......<.....#
.... #.#............#
## #.#....).......#
#.g.g..........#
###.g..........#
#.@.....#+#.##
#.......# .# #.......#
# #######........
###.#.### .# #


You could see 3 gnolls.

Vanquished Creatures
  A gnoll (D:3)
  An adder (D:2)
  A dart slug (D:1)
  3 ball pythons
  3 endoplasms
  2 giant cockroaches
  6 goblins
  4 hobgoblins
  6 bats
  3 frilled lizards
  4 kobolds
  A rat (D:2)
35 creatures vanquished.

Vanquished Creatures (others)
  A fungus (D:3)
1 creature vanquished.

Grand Total: 36 creatures vanquished

Notes
Turn   | Place    | Note
-------+----------+-------------------------------------------
     0 | D:1      | Doomgape the Gargoyle Fighter began the quest for the Orb.
     0 | D:1      | Reached XP level 1. HP: 14/14 MP: 1/1
   157 | D:1      | Reached XP level 2. HP: 15/19 MP: 2/2
   322 | D:1      | Reached skill level 3 in Maces & Flails
   871 | D:2      | Reached XP level 3. HP: 16/23 MP: 3/3
  1162 | D:2      | Found a faded altar of an unknown god.
  1600 | D:3      | Reached skill level 4 in Maces & Flails
  1600 | D:3      | Reached XP level 4. HP: 7/28 MP: 4/4
  1609 | D:3      | HP: 1/28 [gnoll/+0 halberd (2)]
  1610 | D:3      | Mangled by a gnoll

Illustrated notes

Levels and vault maps discovered:
D:1:      saegor_arrival_simple_e, layout_loops_ring
D:2:      layout_loops_ring, ebering_ecumenical_altar_mist
D:3:      minmay_roachtagon, layout_basic, marbit_many_paths,
          lexackson_kobold_supper, uniq_crazy_yiuf_cottage

Skill      XL: |  1  2  3 |
---------------+----------+-----
Maces & Flails | 3 4 |  4.1
Fighting       | |  3.2
Armour         | |  3.2
Shields        | |  3.2

Action                   |  1- 3 |  4- 6 || total
-------------------------+-------+-------++-------
Melee: Flail             |   101 |       ||   101
  Use: Scroll            |     5 |       ||     5
       Potion            |     1 |     1 ||     2
Armor: Scale mail        |    50 |       ||    50
       Chain mail        |    15 |     1 ||    16
Dodge: Dodged            |    54 |       ||    54
Block: Buckler           |    13 |     1 ||    14
